 Dungeon Crawl Stone Soup version 0.19-a0-147-g6f47703 (webtiles) character file.

375 protoss039 the Shield-Bearer (level 6, -2/39 HPs)
             Began as a Gargoyle Fighter on May 18, 2016.
             Engulfed by a cloud of flame (29 damage)
             ... on level 3 of the Dungeon.
             The game lasted 00:12:12 (3162 turns).

protoss039 the Shield-Bearer (Gargoyle Fighter)     Turns: 3162, Time: 00:12:12

Health: -2/39      AC: 15    Str: 20    XL:     6   Next: 73%
Magic:  6/6        EV:  6    Int:  9    God:
Gold:   194        SH: 10    Dex: 10    Spells: 0 memorised, 5 levels left

rFire  . . .     SeeInvis .     a - +1 flail
rCold  . . .     Gourm    +     h - +0 chain mail
rNeg   + . .     Faith    .     c - +1 shield
rPois  ∞         Spirit   .     (no helmet)
rElec  +         Dismiss  .     (no cloak)
rCorr  .         Reflect  .     (no gloves)
SustAt .         Harm     .     o - +0 pair of boots
MR     .....                    i - amulet of the gourmand
Stlth  ..........               (no ring)
                                (no ring)

@: very slightly contaminated, not resistant to hostile enchantments, extremely
unstealthy
A: negative energy resistance 1, electricity resistance, unbreathing,
petrification resistance, rot immunity, AC +4
a: no special abilities


You were on level 3 of the Dungeon.
You were completely stuffed.

You visited 1 branch of the dungeon, and saw 3 of its levels.

You collected 194 gold pieces.

Inventory:

Hand Weapons
 a - a +1 flail (weapon)
Armour
 b - a +0 scale mail
 c - a +1 shield (worn)
 h - a +0 chain mail (worn)
 o - a +0 pair of boots (worn)
Jewellery
 i - an amulet of the gourmand (around neck)
Scrolls
 j - a scroll of amnesia
 m - a scroll of noise
 r - a scroll of enchant weapon
Potions
 e - a potion of agility {unknown}
 k - a potion of curing {unknown}
 n - 2 potions of flight {unknown}
 p - a potion of magic {unknown}
 q - a potion of resistance {unknown}
Comestibles
 f - 3 bread rations


   Skills:
 + Level 4.4 Fighting
 * Level 3.1 Maces & Flails
 + Level 4.4 Armour
 - Level 2.0 Dodging
 - Level 1.2 Stealth
 + Level 5.1 Shields


You had 5 spell levels left.
You didn't know any spells.

Dungeon Overview and Level Annotations

Branches:
Dungeon (3/15)

Altars:
Cheibriados
Dithmenos
Elyvilon
Kikubaaqudgha
Nemelex Xobeh
Vehumet
Yredelemnul
The Shining One


Innate Abilities, Weirdness & Mutations

You are resistant to torment.
Your stone body is resilient (AC +4).
You are immune to poison.
You resist negative energy.
You are resistant to electric shocks.
You can survive without breathing.
You are immune to petrification.
You are immune to rotting.


Message History

As you read the scroll labeled MICACA URYAMNA, it crumbles to dust.
The creatures around you are filled with an inner flame!
It was a scroll of immolation.
Unknown command.
Read which item? (? for menu, Esc to quit)
Blink to where?
Press: ? - help, Dir - move target cursor You are very lightly contaminated with residual magic.
As you read the scroll labeled SUSCHE DYWOPS, it crumbles to dust.
It was a scroll of blinking.
The giant newt barely misses you.
Your chain mail prevents you from hitting the giant newt.
The giant newt bites you but does no damage.
You closely miss the giant newt.
The giant newt bites you but does no damage. x2
You closely miss the giant newt. The giant newt barely misses you.
You hit the giant newt.
The giant newt explodes!
The fiery explosion engulfs you!
You are engulfed in roaring flames.
Ouch! That really hurt!
You die...

#......##.....##.#
#......##....>##(#
#######.......##.#
#<......##.# #### #######
##....#####.# #... #.....#
#.....# #.###...
#.....####'###### #.......
#.....#.......#.####.......
#.....#.⌠§@§⌠.#...##.......
#.<...#..§§§..#...##.###...
#.....'..§§§..')..##.######
#
##'####.......#...##.#.....
#### #.#
#.⌠...⌠.#...##.#.#### ...#
#.# #.%.....##..##.#.# ...#
#.# ####'######.##.#.# ...#
#.# #..# #..#.#.#### ####
#.# #.## ##.#.#.##..


There were no monsters in sight!

Vanquished Creatures
  Grinder (D:3)
  A crimson imp (D:3)
  5 adders
  2 gnolls (D:3)
  An ooze (D:3)
  2 worms (D:2)
  A dart slug (D:3)
  4 giant geckos
  An orc (D:3)
  2 giant cockroaches
  7 goblins
  5 hobgoblins
  4 jackals (D:3)
  6 quokkas (D:3)
  10 bats
  5 giant newts
  6 kobolds
  4 rats
  4 plants (D:3)
71 creatures vanquished.

Notes
Turn   | Place    | Note
--------------------------------------------------------------
     0 | D:1      | protoss039 the Gargoyle Fighter began the quest for the Orb.
     0 | D:1      | Reached XP level 1. HP: 14/14 MP: 1/1
   354 | D:1      | Reached XP level 2. HP: 10/19 MP: 2/2
   924 | D:2      | Found a snail-covered altar of Cheibriados.
   993 | D:2      | Reached XP level 3. HP: 24/24 MP: 3/3
  1029 | D:2      | Found a sparkling altar of Nemelex Xobeh.
  1273 | D:2      | Found a white marble altar of Elyvilon.
  1376 | D:2      | Found a glowing golden altar of the Shining One.
  1450 | D:2      | Found a basalt altar of Yredelemnul.
  1455 | D:2      | Noticed an angel
  1479 | D:2      | Noticed a profane servitor
  1725 | D:2      | Reached skill level 4 in Shields
  1725 | D:2      | Reached XP level 4. HP: 27/29 MP: 4/4
  1827 | D:2      | Found a radiant altar of Vehumet.
  1956 | D:3      | Found a shadowy altar of Dithmenos.
  1983 | D:3      | Reached skill level 1 in Dodging
  2084 | D:3      | Found an ancient bone altar of Kikubaaqudgha.
  2295 | D:3      | Noticed Grinder
  2314 | D:3      | Paralysed by Grinder for 3 turns
  2323 | D:3      | Paralysed by Grinder for 2 turns
  2327 | D:3      | Killed Grinder
  2327 | D:3      | Reached skill level 1 in Stealth
  2327 | D:3      | Reached skill level 5 in Shields
  2327 | D:3      | Reached XP level 5. HP: 13/34 MP: 5/5
  2327 | D:3      | Reached XP level 6. HP: 15/39 MP: 6/6
  3162 | D:3      | Engulfed by a cloud of flame

Vault maps used:
D:1:      minmay_arrival_checkered_box
D:2:      grunt_temple_overflow_holy_war, marbit_many_paths,
          lemuel_coloured_pillars_altar, nicolae_overflow_hidden_temple,
          overflow_temple_1_default, first_bread
D:3:      wad_woods_stonehenge, minmay_fountain_box, grunt_dithmenos_smoke,
          uniq_grinder

Skill      XL: |  1  2  3  4  5  6 |
---------------+-------------------+-----
Shields        | 4 5 |  5.1
Dodging        | 2 |  2.0
Fighting       | 4 |  4.4
Armour         | 4 |  4.4
Stealth        | 1 |  1.2
Maces & Flails | 3 |  3.1

Action                   |  1- 3 |  4- 6 || total
-------------------------+-------+-------++-------
Melee: Flail             |   173 |   255 ||   428
  Use: Scroll            |     4 |     5 ||     9
       Potion            |       |     1 ||     1
  Eat: Chunk             |     5 |    13 ||    18
Armor: Chain mail        |   125 |   160 ||   285
Dodge: Dodged            |    48 |    55 ||   103
Block: Shield            |   103 |   135 ||   238
